 Dungeon Crawl Stone Soup version 0.26-a0-658-gbdda728c12 (webtiles) character file.

Game seed: 13992650190989341705

44 miket3c the Chopper (level 3, 0/34 HPs)
             Began as a Minotaur Berserker on Oct 4, 2020.
             Was a Believer of Trog.
             Succumbed to a kobold's poison
             ... on level 2 of the Dungeon.
             The game lasted 00:02:05 (1105 turns).

miket3c the Chopper (Minotaur Berserker)            Turns: 1105, Time: 00:02:05

Health: 0/34       AC: 10    Str: 22    XL:     3   Next: 39%
Magic:  2/2        EV:  8    Int:  4    God:    Trog [**....]
Gold:   76         SH:  0    Dex:  9    Spells: 2/2 levels left

rFire    + . .     SeeInvis .   a - +0 hand axe
rCold    + . .     Faith    .   (no shield)
rNeg     . . .     Spirit   .   g - +0 chain mail
rPois    +         Reflect  .   (helmet restricted)
rElec    +         Harm     .   j - +0 cloak
rCorr    +         Rampage  .   (no gloves)
MR       .....                  (no boots)
Stlth    ..........             (no amulet)
HPRegen  0.11/turn              (no ring)
MPRegen  0.08/turn              (no ring)

@: lethally poisoned (0 -> -5), resistant
A: retaliatory headbutt, horns 2
a: Berserk, Trog's Hand, Renounce Religion


You were on level 2 of the Dungeon.
You worshipped Trog.
Trog was pleased with you.
You visited 1 branch of the dungeon, and saw 2 of its levels.

You collected 76 gold pieces.

Inventory:

Hand Weapons
 a - a +0 hand axe (weapon)
Missiles
 c - 80 stones (quivered)
Armour
 b - a +0 animal skin
 g - a +0 chain mail (worn)
 j - a +0 cloak (worn)
Jewellery
 f - an uncursed amulet of guardian spirit {unknown}
Scrolls
 h - a scroll of fog {unknown}
 k - a scroll of immolation {unknown}
Potions
 d - a potion of magic


   Skills:
 + Level 4.3 Fighting
 * Level 4.4 Axes
 + Level 2.8 Armour
 + Level 2.5 Dodging


You had 2 spell levels left.
You didn't know any spells.
Your spell library was empty.

Dungeon Overview and Level Annotations

Branches:
Dungeon (2/15)

Altars:


Innate Abilities, Weirdness & Mutations

You reflexively headbutt those who attack you in melee.
You have a pair of horns on your head.


Message History

* * * LOW HITPOINT WARNING * * *
You feel sick.
* * * LOW HITPOINT WARNING * * *
You feel sick.
* * * LOW HITPOINT WARNING * * *
You feel sick.
Found a stone staircase leading down.
* * * LOW HITPOINT WARNING * * *
You feel sick.
* * * LOW HITPOINT WARNING * * *
You feel sick.
* * * LOW HITPOINT WARNING * * *
You feel sick.
Found a scroll labeled XIYROH PIRHONN.
* * * LOW HITPOINT WARNING * * *
You feel sick.
As you read the scroll labeled NOYSAUTRUA, it crumbles to dust.
It is a scroll of amnesia.
You feel forgetful for a moment.
You die...

.# .# ########## .####
#........# .<..#
##.######.#######
.##.###).#### #........
.##..†......###..#####.
#####.....#........#
##...######..#.# ##..#
#.@#>#
#................#
#.####.#.#.......# #+#
# #.###.###.# #. .# #.
?# #. #


There were no monsters in sight!

Vanquished Creatures
  An ooze (D:1)
  A worm (D:2)
  3 dart slugs (D:1)
  2 giant cockroaches (D:1)
  3 hobgoblins (D:1)
  4 jackals (D:1)
  3 kobolds
  4 bats
  3 frilled lizards (D:1)
  2 goblins (D:1)
  5 rats (D:1)
31 creatures vanquished.

Notes
Turn   | Place    | Note
-------+----------+-------------------------------------------
     0 | D:1      | miket3c the Minotaur Berserker began the quest for the Orb.
     0 | D:1      | Reached XP level 1. HP: 19/19 MP: 0/0
   110 | D:1      | Reached XP level 2. HP: 27/27 MP: 1/1
   651 | D:1      | Reached XP level 3. HP: 32/33 MP: 2/2
  1077 | D:2      | Reached ** piety under Trog
  1103 | D:2      | HP: 1/34 [poisoned by a kobold]
  1105 | D:2      | Succumbed to a kobold's poison

Illustrated notes

Levels and vault maps discovered:
D:1:      evilmike_arrival_grusome_pit, layout_basic, minmay_pentomino_x4
D:2:      minmay_evil_eye, layout_loops_corners, nicolae_overflow_hidden_temple,
          fiery_altar_vehumet, uniq_jessica

Skill      XL: |  1  2 |
---------------+-------+-----
Fighting       | 4 |  4.3
Axes           | 4 |  4.4
Armour         | |  2.8
Dodging        | |  2.5

Action                   || total
-------------------------++-------
Melee: Hand axe          ||    71
       Headbutt          ||     7
  Use: Potion            ||     3
       Scroll            ||     1
Armor: Animal skin       ||     4
       Chain mail        ||    41
Dodge: Dodged            ||    48

Table legend: (Time is in decaauts)
 A = Elapsed time spent in this place.
 B = Non-inter-level travel time spent in this place.
 C = Inter-level travel time spent in this place.
 D = Time resting spent in this place.
 E = Time spent auto-exploring this place.
 F = Levels seen in this place.
 G = Mean time per level.
                   A        B        C        D        E       F      G
               +--------+--------+--------+--------+--------+-----+--------+
         Total |   1111 |   1084 |     27 |     13 |    871 |   2 |  555.5 |
       Dungeon |   1111 |   1084 |     27 |     13 |    871 |   2 |  555.5 |
               +--------+--------+--------+--------+--------+-----+--------+

Top non-repeatable levels by time:
     D:1: 1071 daAuts
     D:2: 39 daAuts
